 Dungeon Crawl Stone Soup version 0.30-a0-168-g0b976cbdc4 (webtiles) character file.

Game seed: 1330056273024851312

1386 ryw the Shield-Bearer (level 8, -2/67 HPs)
             Began as a Gnoll Fighter on Sept 30, 2022.
             Was an Initiate of Hepliaklqana.
             Slain by a water moccasin (6 damage)
             ... on level 5 of the Dungeon.
             The game lasted 00:08:47 (5209 turns).

ryw the Shield-Bearer (Gnoll Fighter)               Turns: 5209, Time: 00:08:48

Health: -2/67      AC: 14    Str: 22    XL:     8   Next: 67%
Magic:  13/13      EV:  9    Int:  7    God:    Hepliaklqana [......]
Gold:   264        SH:  5    Dex: 12    Spells: 14/14 levels left

rFire   . . .      SeeInvis .    a - +0 war axe
rCold   + . .      Faith    .    c - +0 buckler
rNeg    . . .      Spirit   .    k - +1 chain mail "Pagurph" {rElec rPois rC+ Str+4}
rPois   +          Reflect  .    (no helmet)
rElec   +          Harm     .    (no cloak)
rCorr   .          Rampage  .    E - +0 pair of gloves
Will    .....                    D - +0 pair of boots
Stlth   ..........               g - amulet of the acrobat
HPRegen 0.21/turn                (no ring)
MPRegen 0.13/turn                (no ring)

@: mighty
A: fangs 1, strong nose, distributed training
a: Renounce Religion


You were on level 5 of the Dungeon.
You worshipped Hepliaklqana.
Hepliaklqana was noncommittal.
You visited 1 branch of the dungeon, and saw 5 of its levels.

You collected 264 gold pieces.

Inventory:

Hand Weapons
 a - a +0 war axe (weapon)
 t - a +0 flail of holy wrath
Missiles
 e - 11 poisoned darts (quivered)
 w - a throwing net
 y - 2 javelins
Armour
 c - a +0 buckler (worn)
 k - the +1 chain mail "Pagurph" (worn) {rElec rPois rC+ Str+4}
   (You found it on level 2 of the Dungeon)

   Str:       It affects your strength (+4).
   rC:        It protects you from cold.
   rElec:     It insulates you from electricity.
   rPois:     It protects you from poison.
 D - a +0 pair of boots (worn)
 E - a +0 pair of gloves (worn)
Jewellery
 g - an amulet of the acrobat (around neck)
 r - an amulet of magic regeneration
 B - a ring of resist corrosion
Wands
 u - a wand of digging (8)
 H - a wand of acid (6)
Scrolls
 b - a scroll of vulnerability {unknown}
 f - 2 scrolls of teleportation {unknown}
 h - 6 scrolls of identify {unknown}
 j - a scroll of poison {unknown}
 l - 2 scrolls of magic mapping {unknown}
 m - 2 scrolls of brand weapon {unknown}
 p - 3 scrolls of amnesia {unknown}
 v - a scroll of blinking {unknown}
 A - 3 scrolls of enchant weapon {unknown}
 F - a scroll of torment {unknown}
 G - a scroll of enchant armour {unknown}
 I - a scroll of fear {unknown}
 J - a scroll of immolation {unknown}
Potions
 i - 2 potions of flight {unknown}
 n - a potion of resistance {unknown}
 o - a potion of degeneration {unknown}
 q - 2 potions of brilliance {unknown}
 s - 3 potions of lignification {unknown}
 x - 2 potions of heal wounds {unknown}
 z - a potion of haste {unknown}
 C - 3 potions of curing
 K - a potion of mutation {unknown}


   Skills:
 + Level 7.5 Fighting
 + Level 3.6 Short Blades
 + Level 3.6 Long Blades
 + Level 5.9 Axes
 + Level 3.6 Maces & Flails
 + Level 3.6 Polearms
 + Level 3.6 Staves
 + Level 3.6 Ranged Weapons
 + Level 3.6 Throwing
 + Level 7.5 Armour
 + Level 3.6 Dodging
 + Level 3.6 Stealth
 + Level 7.5 Shields
 + Level 3.6 Unarmed Combat
 + Level 3.6 Spellcasting
 + Level 3.0 Conjurations
 + Level 3.0 Hexes
 + Level 3.0 Summonings
 + Level 3.0 Necromancy
 + Level 3.0 Translocations
 + Level 3.0 Transmutations
 + Level 3.0 Fire Magic
 + Level 3.0 Ice Magic
 + Level 3.0 Air Magic
 + Level 3.0 Earth Magic
 + Level 3.0 Poison Magic
 + Level 4.0 Invocations
 + Level 3.6 Evocations


You had 14 spell levels left.
You didn't know any spells.
Your spell library contained the following spells:

 Spells                   Type           Power      Damage    Failure   Level
 Foxfire                  Conj/Fire      20%        2x1d5     63%         1
 Slow                     Hex            20%        N/A       63%         1
 Confusing Touch          Hex            5%         N/A       94%         3
 Inner Flame              Hex/Fire       5%         N/A       94%         3
 Vampiric Draining        Necr           5%         2d6       94%         3
 Flame Wave               Conj/Fire      5%         2d5       100%        4
 Sticky Flame             Conj/Fire      5%         2d3       100%        4


Dungeon Overview and Level Annotations

Branches:
Dungeon (5/15)
 Temple: D:4-7

Altars:
Gozag
Hepliaklqana
Nemelex Xobeh
Qazlal
Trog

Shops:
D:1 (   D:2 *

Annotations:
D:2 1 runed translucent door, Crazy Yiuf


Innate Abilities, Weirdness & Mutations

You have very sharp teeth.
Your uncanny sense of smell can sniff out nearby items.
Your experience applies equally to all skills.


Message History

You slash the water moccasin! Duvessa hits you with a +0 short sword!
* * * LOW HITPOINT WARNING * * *
The water moccasin closely misses you. Duvessa hits you but does no damage.
The water moccasin bites you.
* * * LOW HITPOINT WARNING * * *
You feel better. Duvessa barely misses you.
The water moccasin completely misses you.
Duvessa hits you but does no damage.
You slash Duvessa!
You kill Duvessa!
You closely miss the water moccasin. The water moccasin bites you.
* * * LOW HITPOINT WARNING * * *
The water moccasin bites you but does no damage.
The scorpion stings you.
* * * LOW HITPOINT WARNING * * *
You barely miss the scorpion. You miss the water moccasin.
The water moccasin bites you.
* * * LOW HITPOINT WARNING * * *
The scorpion closely misses you. You block the water moccasin's attack.
Unknown command.
You slice the scorpion!!
You kill the scorpion!
You closely miss the water moccasin. You block the water moccasin's attack.
Your Conjurations skill increases to level 3!
Your Hexes skill increases to level 3!
Your Summonings skill increases to level 3!
Your Necromancy skill increases to level 3!
Your Translocations skill increases to level 3!
Your Transmutations skill increases to level 3!
Your Fire Magic skill increases to level 3!
Your Ice Magic skill increases to level 3!
Your Air Magic skill increases to level 3!
Your Earth Magic skill increases to level 3!
Your Poison Magic skill increases to level 3!
Your Invocations skill increases to level 4!
You closely miss the water moccasin.
The water moccasin is moderately wounded.
The water moccasin bites you but does no damage.
The water moccasin bites you.
You die...

............## #..#..............
..##........# ##...............)
.##.......## #.....#..........#
.###.....)#######....#.......#.##
#.##..........#.#.............###
#............................##..
.................................
.................##†.........##>.
................@#..............#
...............S)#..........#....
...........................##..##
.#......#..................###..#
.#.....##.#.............#### #..#
## .. #......##.#....# ##.) #
#.......#####.### ##..† .
.....#..# ##.# ####.... ..
##..###......#


You could see a water moccasin.

Vanquished Creatures
  Sigmund (D:4)
  Edmund (D:4)
  Duvessa (D:5)
  An ogre (D:5)
  A necrophage (D:5)
  4 scorpions (D:5)
  Dowan (D:5)
  5 hounds
  Jessica (D:2)
  Ijyb (D:5)
  Natasha (thrice) (D:2)
  3 iguanas (D:5)
  An orc wizard (D:4)
  8 gnolls
  4 adders
  A dart slug (D:2)
  4 orcs
  8 ball pythons
  7 endoplasms
  A giant cockroach (D:4)
  12 goblins
  15 hobgoblins
  4 jackals (D:5)
  6 kobolds
  A quokka (D:4)
  4 bats
  A frilled lizard (D:2)
  3 rats
103 creatures vanquished.

Notes
Turn   | Place    | Note
-------+----------+-------------------------------------------
     0 | D:1      | ryw the Gnoll Fighter began the quest for the Orb.
     0 | D:1      | Reached XP level 1. HP: 23/23 MP: 1/1
   187 | D:1      | Found Yrghyhot's Weapon Boutique.
   243 | D:1      | Reached XP level 2. HP: 24/29 MP: 2/2
   524 | D:1      | Found a faded altar of an unknown god.
   912 | D:2      | Identified the +1 chain mail "Pagurph" {rElec rPois rC+
                  | Str+4}
   912 | D:2      | Noticed Natasha
   924 | D:2      | Killed Natasha
   925 | D:2      | Reached skill level 1 in Invocations
   925 | D:2      | Reached XP level 3. HP: 24/35 MP: 2/4
   937 | D:2      | Noticed Natasha
   946 | D:2      | Killed Natasha
   947 | D:2      | Reached skill level 1 in Short Blades
   947 | D:2      | Reached skill level 1 in Long Blades
   947 | D:2      | Reached skill level 1 in Maces & Flails
   947 | D:2      | Reached skill level 1 in Polearms
   947 | D:2      | Reached skill level 1 in Staves
   947 | D:2      | Reached skill level 1 in Ranged Weapons
   947 | D:2      | Reached skill level 1 in Throwing
   947 | D:2      | Reached skill level 1 in Dodging
   947 | D:2      | Reached skill level 1 in Stealth
   947 | D:2      | Reached skill level 1 in Unarmed Combat
   947 | D:2      | Reached skill level 1 in Spellcasting
   947 | D:2      | Reached skill level 1 in Evocations
   947 | D:2      | Reached XP level 4. HP: 29/41 MP: 5/5
  1100 | D:2      | Noticed Natasha
  1115 | D:2      | Killed Natasha
  1116 | D:2      | Reached skill level 1 in Conjurations
  1116 | D:2      | Reached skill level 1 in Hexes
  1116 | D:2      | Reached skill level 1 in Summonings
  1116 | D:2      | Reached skill level 1 in Necromancy
  1116 | D:2      | Reached skill level 1 in Translocations
  1116 | D:2      | Reached skill level 1 in Transmutations
  1116 | D:2      | Reached skill level 1 in Fire Magic
  1116 | D:2      | Reached skill level 1 in Ice Magic
  1116 | D:2      | Reached skill level 1 in Air Magic
  1116 | D:2      | Reached skill level 1 in Earth Magic
  1116 | D:2      | Reached skill level 1 in Poison Magic
  1196 | D:2      | Found Faweqy's Assorted Antiques.
  1264 | D:2      | Found a runed translucent door.
  1265 | D:2      | Noticed Crazy Yiuf
  1448 | D:2      | Noticed Jessica
  1455 | D:2      | Reached XP level 5. HP: 47/47 MP: 7/7
  1933 | D:2      | Killed Jessica
  2514 | D:3      | Found a sparkling altar of Nemelex Xobeh.
  2531 | D:3      | Noticed an air elemental
  2535 | D:3      | Found a stormy altar of Qazlal.
  2539 | D:3      | Noticed a water elemental
  2539 | D:3      | Noticed a fire elemental
  2627 | D:3      | Reached XP level 6. HP: 53/53 MP: 8/8
  2797 | D:3      | Found a bloodstained altar of Trog.
  3029 | D:4      | Noticed Edmund
  3039 | D:4      | Killed Edmund
  3040 | D:4      | Reached skill level 5 in Axes
  3276 | D:4      | Noticed Sigmund
  3283 | D:4      | Killed Sigmund
  3284 | D:4      | Reached XP level 7. HP: 46/60 MP: 10/10
  3607 | D:4      | Found a hazy altar of Hepliaklqana.
  3612 | D:4      | Became a worshipper of Hepliaklqana the Forgotten
  4104 | D:5      | Entered Level 5 of the Dungeon
  4555 | D:5      | Noticed Ijyb
  4577 | D:5      | Killed Ijyb
  4719 | D:5      | Noticed Dowan
  4769 | D:5      | Killed Dowan
  4770 | D:5      | Reached XP level 8. HP: 60/67 MP: 12/12
  4868 | D:5      | Found an opulent altar of Gozag.
  5193 | D:5      | Noticed Duvessa
  5204 | D:5      | HP: 2/67 [water moccasin (2)]
  5206 | D:5      | Killed Duvessa
  5209 | D:5      | Slain by a water moccasin

Illustrated notes

Levels and vault maps discovered:
D:1:      dpeg_arrival_connections, layout_loops_ring, serial_shops,
          nicolae_shop_bloodbath_and_beyond, hellmonk_ecumenical_altar_zigzags
D:2:      layout_rooms, serial_shops, shop, dk_noncrumbling_3, uniq_jessica,
          uniq_crazy_yiuf_cottage, uniq_natasha
D:3:      layout_basic, nemelex_xobeh_ov_fountains_minmay,
          nicolae_qazlal_style_of_elements, trog_hazing_becter
D:4:      layout_basic, worldfamousw_hep_ancestral_shrine,
          sigmund_edmund_badplayer
D:5:      layout_cave_pools, lemuel_crystal_altar, fedhas_ov_isle_minmay,
          minmay_temple_entry_poolview, enter_ossuary_4, uniq_duvessa,
          uniq_sigmund, uniq_ijyb

Skill      XL: |  1  2  3  4  5  6  7  8 |
---------------+-------------------------+-----
Invocations    | 1 2 3 4 |  4.0
Short Blades   | 1 2 3 |  3.6
Long Blades    | 1 2 3 |  3.6
Maces & Flails | 1 2 3 |  3.6
Polearms       | 1 2 3 |  3.6
Staves         | 1 2 3 |  3.6
Ranged Weapons | 1 2 3 |  3.6
Throwing       | 1 2 3 |  3.6
Dodging        | 1 2 3 |  3.6
Stealth        | 1 2 3 |  3.6
Unarmed Combat | 1 2 3 |  3.6
Spellcasting   | 1 2 3 |  3.6
Evocations     | 1 2 3 |  3.6
Conjurations   | 1 2 3 |  3.0
Hexes          | 1 2 3 |  3.0
Summonings     | 1 2 3 |  3.0
Necromancy     | 1 2 3 |  3.0
Translocations | 1 2 3 |  3.0
Transmutations | 1 2 3 |  3.0
Fire Magic     | 1 2 3 |  3.0
Ice Magic      | 1 2 3 |  3.0
Air Magic      | 1 2 3 |  3.0
Earth Magic    | 1 2 3 |  3.0
Poison Magic   | 1 2 3 |  3.0
Axes           | 5 |  5.9
Fighting       | 7 |  7.5
Armour         | 7 |  7.5
Shields        | 7 |  7.5

Action                   |  1- 3 |  4- 6 |  7- 9 || total
-------------------------+-------+-------+-------++-------
Melee: War axe           |    49 |   141 |   171 ||   361
       Bite              |     1 |    11 |    20 ||    32
Throw: Dart              |       |     2 |       ||     2
       Javelin           |       |     2 |       ||     2
  Use: Potion            |       |       |     2 ||     2
Armor: Scale mail        |    13 |       |       ||    13
       Chain mail        |     2 |    65 |    85 ||   152
Dodge: Dodged            |    22 |    79 |    77 ||   178
Block: Buckler           |    11 |    45 |    53 ||   109

Table legend: (Time is in decaauts)
 A = Elapsed time spent in this place.
 B = Non-inter-level travel time spent in this place.
 C = Inter-level travel time spent in this place.
 D = Time resting spent in this place.
 E = Time spent auto-exploring this place.
 F = Levels seen in this place.
 G = Mean time per level.
                   A        B        C        D        E       F      G
               +--------+--------+--------+--------+--------+-----+--------+
         Total |   5314 |   5199 |    115 |    927 |   3328 |   5 | 1062.8 |
       Dungeon |   5314 |   5199 |    115 |    927 |   3328 |   5 | 1062.8 |
               +--------+--------+--------+--------+--------+-----+--------+

Top non-repeatable levels by time:
     D:4: 1458 daAuts
     D:2: 1208 daAuts
     D:1: 1186 daAuts
     D:5: 863 daAuts
     D:3: 598 daAuts
